 Dungeon Crawl Stone Soup version 0.28.0-53-g5a82cb258f (webtiles) character file.

Game seed: 7886829734293031115

262 Zeld the Conjurer (level 5, 0/28 HPs)
             Began as a Deep Elf Conjurer on June 11, 2022.
             Succumbed to a kobold brigand's poison
             ... in a sewer.
             The game lasted 00:01:41 (1545 turns).

Zeld the Conjurer (Deep Elf Conjurer)               Turns: 1545, Time: 00:01:42

Health: 0/28       AC:  2    Str:  4    XL:     5   Next: 97%
Magic:  1/14       EV: 13    Int: 25    God:
Gold:   0          SH:  0    Dex: 13    Spells: 3/14 levels left

rFire   . . .      SeeInvis .   (no weapon)
rCold   . . .      Faith    .   (no shield)
rNeg    . . .      Spirit   .   a - +0 robe
rPois   .          Reflect  .   (no helmet)
rElec   .          Harm     .   (no cloak)
rCorr   .          Rampage  .   (no gloves)
Will    +....                   (no boots)
Stlth   ++........              (no amulet)
HPRegen 0.09/turn               c - ring of willpower
MPRegen 0.14/turn               (no ring)

@: lethally poisoned (0 -> -6)
A: no striking features
a: no special abilities


You were in a sewer.
You visited 1 branch of the dungeon, and saw 3 of its levels.
You also visited: Sewer.

Inventory:

Armour
 a - a +0 robe (worn)
Jewellery
 c - a ring of willpower (left hand)
Scrolls
 b - a scroll of identify {unknown}
 d - a scroll of enchant armour {unknown}
 e - a scroll of brand weapon {unknown}


   Skills:
 + Level 3.3 Dodging
 + Level 3.5 Stealth
 * Level 5.1 Spellcasting
 * Level 5.6 Conjurations
 - Level 2.0 Hexes
 - Level 2.0 Translocations


You had 3 spell levels left.
You knew the following spells:

 Your Spells              Type           Power      Damage    Failure   Level
a - Magic Dart            Conj           100%       1d8       1%          1
b - Searing Ray           Conj           68%        2d6       1%          2
c - Fulminant Prism       Conj/Hex       12%        3d9       17%         4
d - Iskenderun's Mystic   Conj/Tloc      25%        2d7       17%         4

Your spell library contained the following spells:

 Spells                   Type           Power      Damage    Failure   Level
 Dazzling Flash           Conj/Hex       50%        N/A       4%          3


Dungeon Overview and Level Annotations

Branches:
Dungeon (3/15)              Sewer (1/1)

Altars:


Message History

Casting: Searing Ray (safe; 1% risk of failure)
Confirm with . or Enter, or press ? or * to list all spells.
Aiming: Searing Ray (safe; 1% risk of failure)
Press: ? - help, Shift-Dir - straight line, f - worm, p - kobold brigand
Aim: a worm (93% to hit)
The searing ray hits the worm!
The worm is moderately wounded. (Press . to maintain the ray.)
You feel very sick.
Unknown command.
The searing ray hits the kobold brigand.
You kill the kobold brigand!
* * * LOW HITPOINT WARNING * * *
You feel very sick.
Your Spellcasting skill increases to level 5!
Unknown command.
Unknown command.
Casting: Searing Ray (safe; 1% risk of failure)
Confirm with . or Enter, or press ? or * to list all spells.
Restarting spell: Searing Ray (safe; 1% risk of failure)
Press: ? - help, Shift-Dir - straight line, f/p - worm
Aim: a worm (moderately wounded, 93% to hit)
The searing ray hits the worm.
The worm is severely wounded. (Press . to maintain the ray.)
* * * LOW HITPOINT WARNING * * *
You feel sick.
Unknown command.
The searing ray hits the worm.
The worm is almost dead.
* * * LOW HITPOINT WARNING * * *
You feel sick.
Unknown command.
The searing ray hits the worm.
You kill the worm!
* * * LOW HITPOINT WARNING * * *
You feel sick.
Unknown command.
Unknown command.
You die...

#######
#.≈.≈##
..≈
#.≈.##
.≈ #.≈≈#
≈ #.≈.#
##≈≈≈##
#≈≈≈≈≈#
#.###≈#
#≈# #≈#
#@# #≈#
#≈≈≈#≈≈≈
#≈#≈#≈#≈
#≈ ≈#≈
≈# #≈
≈#≈ ≈#
#. .# ##
##


There were no monsters in sight!

Vanquished Creatures
  3 kobold brigands (Sewer)
  4 adders
  2 worms (Sewer)
  3 bats
  An endoplasm (D:3)
  A quokka (D:1)
  3 ball pythons
17 creatures vanquished.

Notes
Turn   | Place    | Note
-------+----------+-------------------------------------------
     0 | D:1      | Zeld the Deep Elf Conjurer began the quest for the Orb.
     0 | D:1      | Reached XP level 1. HP: 10/10 MP: 6/6
   163 | D:2      | Noticed an orc wizard
   361 | D:2      | Reached skill level 1 in Hexes
   361 | D:2      | Reached skill level 1 in Translocations
   361 | D:2      | Reached XP level 2. HP: 10/15 MP: 2/8
   364 | D:2      | Learned a level 2 spell: Searing Ray
   590 | D:3      | Found a glowing drain.
   669 | D:3      | Reached XP level 3. HP: 7/19 MP: 5/9
   830 | Sewer    | Entered a sewer
  1384 | Sewer    | Noticed a kobold brigand
  1384 | Sewer    | Noticed a kobold brigand
  1402 | Sewer    | Killed a kobold brigand
  1402 | Sewer    | Killed a kobold brigand
  1403 | Sewer    | Reached skill level 5 in Conjurations
  1403 | Sewer    | Reached XP level 4. HP: 19/24 MP: 1/12
  1403 | Sewer    | Reached XP level 5. HP: 22/28 MP: 1/14
  1409 | Sewer    | Learned a level 4 spell: Fulminant Prism
  1414 | Sewer    | Learned a level 4 spell: Iskenderun's Mystic Blast
  1542 | Sewer    | Reached skill level 5 in Spellcasting
  1545 | Sewer    | Succumbed to a kobold brigand's poison

Illustrated notes

Levels and vault maps discovered:
D:1:      mrwooster_arrival_statue_2, layout_basic
D:2:      minmay_general_purpose_star, layout_basic,
          dilly_ecumenical_altar_fadedgnrine, basic_altar,
          uniq_crazy_yiuf_cottage, uniq_terence, uniq_sigmund
D:3:      layout_loops_ring, mainiacjoe_overflow_six_doors_small,
          gup_sewer_entry_glass
Sewer:    sewer_co_tree

Skill      XL: |  1  2  3  4  5 |
---------------+----------------+-----
Hexes          | 1 2 |  2.0
Translocations | 1 2 |  2.0
Dodging        | 3 |  3.3
Stealth        | 3 |  3.5
Spellcasting   | 4 5 |  5.1
Conjurations   | 5 |  5.6

Action                   |  1- 3 |  4- 6 || total
-------------------------+-------+-------++-------
Melee: Unarmed           |     2 |       ||     2
 Cast: Magic Dart        |    19 |       ||    19
       Searing Ray       |     5 |     4 ||     9
Armor: Robe              |     3 |       ||     3
Dodge: Dodged            |     1 |       ||     1
